 Dungeon Crawl Stone Soup version 0.31-a0-640-g39d97e502b (webtiles) character file.

Game seed: 16469035205877106132

15 rvierbuc the Trooper (level 2, 0/24 HPs)
             Began as a Demonspawn Berserker on Aug 28, 2023.
             Was a Follower of Trog.
             Slain by a gnoll
             ... wielding a +0 spear
              (6 damage)
             ... on level 1 of the Dungeon.
             The game lasted 00:01:03 (258 turns).

rvierbuc the Trooper (Demonspawn Berserker)          Turns: 258, Time: 00:01:03

Health: 0/24       AC:  5    Str: 17    XL:     2   Next: 34%
Magic:  2/2        EV: 12    Int:  8    God:    Trog [*.....]
Gold:   2          SH:  0    Dex: 12    Spells: 1/1 levels left

rFire   . . .        a - +0 mace
rCold   . . .        (no shield)
rNeg    . . .        b - +0 animal skin
rPois   .            (helmet restricted)
rElec   .            (no cloak)
rCorr   .            j - +2 pair of gloves
SInv    .            (no boots)
Will    .....        (no amulet)
Stlth   +            (no ring)
HPRegen 0.24/turn    (no ring)
MPRegen 0.08/turn

%: no passive effects
@: no status effects
A: horns 1
a: Renounce Religion, Berserk


You were on level 1 of the Dungeon.
You worshipped Trog.
Trog was aware of your devotion.
You visited 1 branch of the dungeon, and saw 1 of its levels.

You collected 2 gold pieces.

Inventory:

Hand Weapons
 a - a +0 mace (weapon)
Armour
 b - a +0 animal skin (worn)
 j - a +2 pair of gloves (worn)
Scrolls
 d - a scroll of vulnerability {unknown}
 e - a scroll of fog {unknown}
 f - 2 scrolls of enchant weapon {unknown}
 i - a scroll of blinking {unknown}
Potions
 c - a potion of lignification {unknown}
 g - a potion of resistance {unknown}
 h - a potion of mutation {unknown}


   Skills:
 + Level 3.2 Fighting
 + Level 2.9 Maces & Flails
 + Level 2.0 Armour
 + Level 2.0 Dodging


You had one spell level left.
You didn't know any spells.
Your spell library was empty.

Dungeon Overview and Level Annotations

Branches:
Dungeon (1/15)

Altars:


Innate Abilities, Weirdness & Mutations

You have a pair of small horns on your head.


Message History

A bat comes into view.
Found a stone staircase leading down.
The ball python hisses angrily.
The bat hits you but does no damage.
You closely miss the bat. Your headbutt misses the bat.
The bat closely misses you.
The gnoll hits you from afar with a +0 spear.
You closely miss the bat. Your headbutt misses the bat.
The bat barely misses you. The gnoll hits you but does no damage.
The gnoll hits you from afar with a +0 spear.
You miss the bat. The bat barely misses you.
The ball python closely misses you. x2; The gnoll hits you but does no damage.
The bat hits you but does no damage. The ball python closely misses you. x2
You hit the bat.
You kill the bat!
Trog accepts your kill.
The gnoll hits you from afar with a +0 spear.
The ball python misses you. The ball python barely misses you.
You barely miss the ball python. Your headbutt misses the ball python.
The gnoll closely misses you.
The ball python bites you but does no damage.
The ball python misses you. The ball python barely misses you. x2
The gnoll hits you from afar with a +0 spear.
You are too injured to fight recklessly!
You are too injured to fight recklessly!
You hit the ball python.
The ball python is moderately wounded.
The ball python barely misses you. The ball python grabs you.
The ball python constricts you.
The gnoll hits you from afar with a +0 spear.
You sock the ball python!
You kill the ball python!
Trog accepts your kill. The gnoll misses you.
The gnoll hits you with a +0 spear.
* * * LOW HITPOINT WARNING * * *
You hit the gnoll.
The gnoll is moderately wounded.
The gnoll hits you with a +0 spear.
You die...

....######.####...#
...............#
.#########..#.##
#..#.# #..#.#
##.#.# #####...###
......†...#
......†@#..>...
.......g#####..
........# ........#
........# ........#
........# #####.#.#


You could see a gnoll.

Vanquished Creatures
  A dart slug (D:1)
  A ball python (D:1)
  An endoplasm (D:1)
  A goblin (D:1)
  3 hobgoblins (D:1)
  A bat (D:1)
  2 frilled lizards (D:1)
  2 kobolds (D:1)
12 creatures vanquished.

Notes
Turn   | Place    | Note
-------+----------+-------------------------------------------
     0 | D:1      | rvierbuc the Demonspawn Berserker began the quest for the
                  | Orb.
     0 | D:1      | Reached XP level 1. HP: 18/18 MP: 1/1
    91 | D:1      | Gained mutation: You have a pair of small horns on your
                  | head. [demonic ancestry]
    91 | D:1      | Reached XP level 2. HP: 18/24 MP: 2/2
   258 | D:1      | Slain by a gnoll

Illustrated notes

Levels and vault maps discovered:
D:1:      lightli_iron_boxes, layout_basic, skrybe_limestone_x,
          minmay_heptomino_d4

Skill      XL: |  1 |
---------------+----+-----
Armour         | 2 |  2.0
Dodging        | 2 |  2.0
Fighting       | |  3.2
Maces & Flails | |  2.9

Action                     || total
---------------------------++-------
  Melee: Mace              ||    33
         Headbutt          ||     1
 Armour: Animal skin       ||     9
  Dodge: Dodged            ||    26

Table legend: (Time is in decaauts)
 A = Elapsed time spent in this place.
 B = Non-inter-level travel time spent in this place.
 C = Inter-level travel time spent in this place.
 D = Time resting spent in this place.
 E = Time spent auto-exploring this place.
 F = Levels seen in this place.
 G = Mean time per level.
                   A        B        C        D        E       F      G
               +--------+--------+--------+--------+--------+-----+--------+
         Total |    266 |    261 |      5 |      0 |    179 |   1 |  266.0 |
       Dungeon |    266 |    261 |      5 |      0 |    179 |   1 |  266.0 |
               +--------+--------+--------+--------+--------+-----+--------+

Top non-repeatable levels by time:
     D:1: 266 daAuts
